[ AOE2 MATCH · #506814505 ]
UnrankedBurmese vs Jurchens
Player's team · LOSS
Rival team · WIN
[ REPLAY ANALYSIS · EXTRACTED FROM THE RECORDED GAME ]
Feudal
11:42
Castle
15:41
Imperial
32:32
| APM avg | 52.8 |
| APM peak | 92 |
| eAPM avg | 26.6 |
| Villagers / military | 202 / 122 |
Focus
⚔️ 32.2% · 🌾 67.8%
Knight ×57 · Battle Elephant ×28 · Monk ×21 · Trebuchet (Packed) ×9 · Spearman ×6 · Scout Cavalry ×1
Feudal
11:03
Castle
14:37
Imperial
36:35
| APM avg | 121.7 |
| APM peak | 199 |
| eAPM avg | 79.8 |
| Villagers / military | 174 / 104 |
Focus
⚔️ 75.4% · 🌾 24.6%
Cavalry Archer ×90 · Unknown (1908) ×19 · Unknown (1911) ×10 · Monk ×5 · Archer ×4 · Trebuchet (Packed) ×3
Match map
Initial resources + every placement click. Lines = walls · curves = elevation contours. ◆ gold · ⬟ stone · ● berries · ✦ relic · ◌ wall gap
Your base· Open — 9t gap
Barış Manço's base· ✓ Closed at 14:37 · 13t walls · 2 gate(s)
Smoothed initial terrain · ◌ = detected wall gap · hover for details
Inputs per minute
— Zezlot - - Barış Manço
Build order — Zezlot
First 150 of 478 actions detected
| 0:00 | Create | Villager (Male) |
| 0:02 | Build | House |
| 0:03 | Build | House |
| 0:08 | Create | Villager (Male) |
| 0:09 | Create | Villager (Male) |
| 0:09 | Create | Villager (Male) |
| 1:38 | Create | Villager (Male) |
| 1:56 | Create | Villager (Male) |
| 2:19 | Create | Villager (Male) |
| 2:31 | Research | Loom |
| 2:34 | Build | Palisade Wall |
| 2:34 | Build | Palisade Wall |
| 2:36 | Build | Palisade Wall |
| 2:37 | Build | Palisade Wall |
| 2:38 | Build | Palisade Wall |
| 2:54 | Create | Villager (Male) |
| 2:56 | Create | Villager (Male) |
| 2:58 | Create | Villager (Male) |
| 3:20 | Build | Palisade Wall |
| 3:21 | Build | Palisade Wall |
| 3:22 | Build | Palisade Wall |
| 3:22 | Build | Palisade Wall |
| 3:36 | Create | Villager (Male) |
| 3:45 | Create | Villager (Male) |
| 3:45 | Create | Villager (Male) |
| 4:16 | Build | Lumber Camp |
| 4:24 | Build | Palisade Wall |
| 4:25 | Build | Palisade Wall |
| 4:55 | Create | Villager (Male) |
| 5:33 | Create | Villager (Male) |
| 5:34 | Build | House |
| 5:38 | Create | Villager (Male) |
| 5:38 | Create | Villager (Male) |
| 5:39 | Create | Villager (Male) |
| 6:17 | Create | Villager (Male) |
| 6:17 | Create | Villager (Male) |
| 6:40 | Build | House |
| 6:41 | Build | House |
| 6:53 | Create | Villager (Male) |
| 6:53 | Create | Villager (Male) |
| 7:04 | Build | Mining Camp |
| 7:13 | Create | Villager (Male) |
| 7:17 | Create | Villager (Male) |
| 7:21 | Build | House |
| 7:25 | Create | Villager (Male) |
| 7:25 | Create | Villager (Male) |
| 7:26 | Create | Villager (Male) |
| 7:28 | Build | Palisade Wall |
| 7:29 | Create | Villager (Male) |
| 7:32 | Create | Villager (Male) |
| 7:36 | Create | Villager (Male) |
| 7:36 | Create | Villager (Male) |
| 7:45 | Create | Villager (Male) |
| 7:48 | Build | Palisade Wall |
| 7:52 | Create | Villager (Male) |
| 7:53 | Create | Villager (Male) |
| 8:02 | Create | Villager (Male) |
| 8:30 | Build | Mill |
| 8:32 | Create | Villager (Male) |
| 8:37 | Build | Palisade Wall |
| 8:46 | Build | Palisade Wall |
| 8:56 | Create | Villager (Male) |
| 9:01 | Research | Feudal Age |
| 9:10 | Build | House |
| 9:29 | Create | Villager (Male) |
| 9:36 | Create | Villager (Male) |
| 9:51 | Create | Villager (Male) |
| 10:17 | Create | Villager (Male) |
| 10:33 | Create | Villager (Male) |
| 10:34 | Create | Villager (Male) |
| 10:46 | Create | Villager (Male) |
| 10:58 | Create | Villager (Male) |
| 11:19 | Create | Villager (Male) |
| 11:24 | Build | Barracks |
| 11:25 | Create | Villager (Male) |
| 11:42 | Age | Feudal Age |
| 11:46 | Build | Blacksmith |
| 11:54 | Build | Market |
| 11:56 | Create | Villager (Male) |
| 12:00 | Create | Villager (Male) |
| 12:27 | Create | Villager (Male) |
| 12:28 | Create | Villager (Male) |
| 12:44 | Create | Villager (Male) |
| 12:48 | Build | Mining Camp |
| 12:49 | Create | Villager (Male) |
| 13:01 | Research | Castle Age |
| 13:01 | Research | Castle Age |
| 13:31 | Create | Spearman |
| 13:31 | Create | Spearman |
| 13:31 | Create | Spearman |
| 13:42 | Build | Watch Tower |
| 14:03 | Create | Villager (Male) |
| 14:07 | Create | Spearman |
| 14:07 | Create | Spearman |
| 14:18 | Build | Watch Tower |
| 14:24 | Research | Scale Mail Armor |
| 14:33 | Build | House |
| 14:34 | Build | Palisade Wall |
| 14:40 | Create | Spearman |
| 14:50 | Build | Watch Tower |
| 14:58 | Create | Villager (Male) |
| 15:04 | Build | Watch Tower |
| 15:14 | Research | Fletching |
| 15:36 | Create | Villager (Male) |
| 15:41 | Age | Castle Age |
| 15:43 | Create | Villager (Male) |
| 16:16 | Build | Town Center |
| 16:17 | Create | Villager (Male) |
| 16:33 | Create | Villager (Male) |
| 16:39 | Create | Villager (Male) |
| 16:51 | Create | Villager (Male) |
| 17:10 | Create | Villager (Male) |
| 17:37 | Build | Town Center |
| 17:38 | Create | Villager (Male) |
| 17:43 | Create | Villager (Male) |
| 17:48 | Create | Villager (Male) |
| 17:50 | Research | Horse Collar |
| 17:50 | Research | Horse Collar |
| 17:55 | Create | Villager (Male) |
| 17:59 | Create | Villager (Male) |
| 18:05 | Create | Villager (Male) |
| 18:18 | Build | Monastery |
| 18:22 | Build | Palisade Wall |
| 18:25 | Create | Villager (Male) |
| 18:58 | Create | Villager (Male) |
| 18:59 | Create | Monk |
| 19:14 | Build | Farm |
| 19:14 | Create | Villager (Male) |
| 19:16 | Build | Farm |
| 19:18 | Build | Farm |
| 19:20 | Build | Farm |
| 19:24 | Build | Farm |
| 19:27 | Build | Farm |
| 19:34 | Create | Monk |
| 19:34 | Create | Monk |
| 19:41 | Create | Villager (Male) |
| 19:55 | Create | Villager (Male) |
| 20:00 | Build | Farm |
| 20:06 | Build | Farm |
| 20:07 | Build | Farm |
| 20:07 | Create | Villager (Male) |
| 20:32 | Create | Monk |
| 20:33 | Create | Villager (Male) |
| 20:36 | Create | Villager (Male) |
| 20:38 | Build | Farm |
| 20:38 | Create | Villager (Male) |
| 21:06 | Create | Villager (Male) |
| 21:07 | Create | Villager (Male) |
| 21:11 | Build | Siege Workshop |
| 21:12 | Create | Villager (Male) |
Build order — Barış Manço
First 150 of 514 actions detected
| 0:00 | Create | Villager (Male) |
| 0:00 | Create | Villager (Male) |
| 0:01 | Create | Villager (Male) |
| 0:01 | Build | House |
| 0:02 | Build | House |
| 0:03 | Create | Villager (Male) |
| 1:11 | Create | Villager (Male) |
| 1:36 | Create | Villager (Male) |
| 1:44 | Build | Lumber Camp |
| 2:01 | Create | Villager (Male) |
| 2:34 | Create | Villager (Male) |
| 2:53 | Create | Villager (Male) |
| 3:19 | Create | Villager (Male) |
| 3:56 | Create | Villager (Male) |
| 3:57 | Build | House |
| 4:22 | Create | Villager (Male) |
| 4:22 | Create | Villager (Male) |
| 4:37 | Build | Mill |
| 4:56 | Create | Villager (Male) |
| 5:33 | Create | Villager (Male) |
| 5:33 | Create | Villager (Male) |
| 6:01 | Create | Villager (Male) |
| 6:10 | Build | Barracks |
| 6:16 | Build | House |
| 6:43 | Build | House |
| 6:48 | Create | Villager (Male) |
| 6:55 | Create | Villager (Male) |
| 7:15 | Build | House |
| 7:15 | Build | Palisade Wall |
| 7:19 | Create | Villager (Male) |
| 7:27 | Build | Barracks |
| 7:53 | Build | Palisade Wall |
| 7:55 | Build | Palisade Wall |
| 7:58 | Create | Villager (Male) |
| 8:00 | Research | Loom |
| 8:00 | Research | Loom |
| 8:19 | Research | Feudal Age |
| 8:27 | Build | Palisade Gate |
| 8:40 | Build | Mining Camp |
| 9:16 | Create | Villager (Male) |
| 9:29 | Create | Villager (Male) |
| 9:29 | Create | Villager (Male) |
| 9:40 | Build | Palisade Wall |
| 11:03 | Age | Feudal Age |
| 11:06 | Build | Market |
| 11:08 | Build | Blacksmith |
| 11:25 | Build | Palisade Wall |
| 11:54 | Build | House |
| 11:54 | Build | Palisade Wall |
| 11:55 | Build | Palisade Wall |
| 11:57 | Research | Castle Age |
| 12:25 | Research | Double-Bit Axe |
| 12:28 | Build | House |
| 12:58 | Build | Barracks |
| 13:10 | Build | Palisade Gate |
| 13:16 | Build | Archery Range |
| 13:23 | Create | Villager (Male) |
| 13:40 | Build | Farm |
| 13:41 | Create | Villager (Male) |
| 14:30 | Create | Archer |
| 14:32 | Build | Watch Tower |
| 14:37 | Age | Castle Age |
| 14:40 | Research | Fletching |
| 14:41 | Research | Fletching |
| 14:41 | Create | Villager (Male) |
| 14:52 | Create | Archer |
| 14:53 | Create | Villager (Male) |
| 15:06 | Build | Palisade Wall |
| 15:14 | Create | Cavalry Archer |
| 15:30 | Create | Unit 1911 |
| 15:43 | Create | Villager (Male) |
| 16:09 | Build | House |
| 16:09 | Create | Villager (Male) |
| 16:14 | Build | Mining Camp |
| 16:14 | Create | Villager (Male) |
| 16:17 | Create | Archer |
| 16:21 | Build | House |
| 16:28 | Create | Villager (Male) |
| 16:30 | Build | Monastery |
| 16:36 | Research | Bow Saw |
| 16:36 | Research | Bow Saw |
| 16:37 | Create | Villager (Male) |
| 16:41 | Build | House |
| 16:46 | Create | Archer |
| 16:53 | Create | Unit 1911 |
| 17:02 | Build | Palisade Wall |
| 17:08 | Create | Villager (Male) |
| 17:11 | Build | Farm |
| 17:16 | Build | Farm |
| 17:22 | Create | Monk |
| 17:29 | Create | Villager (Male) |
| 17:42 | Build | House |
| 17:43 | Build | House |
| 17:44 | Build | Palisade Wall |
| 17:44 | Build | Palisade Wall |
| 17:44 | Build | Palisade Wall |
| 17:45 | Build | Palisade Wall |
| 17:47 | Create | Villager (Male) |
| 17:58 | Build | Farm |
| 18:00 | Build | Farm |
| 18:00 | Create | Villager (Male) |
| 18:20 | Create | Monk |
| 18:26 | Create | Villager (Male) |
| 18:37 | Create | Villager (Male) |
| 18:41 | Build | Town Center |
| 18:47 | Research | Town Watch |
| 18:47 | Research | Town Watch |
| 18:47 | Create | Villager (Male) |
| 18:51 | Create | Villager (Male) |
| 18:58 | Create | Villager (Male) |
| 18:59 | Create | Unit 1911 |
| 19:04 | Create | Villager (Male) |
| 19:08 | Build | Farm |
| 19:19 | Create | Villager (Male) |
| 19:21 | Build | Farm |
| 19:25 | Create | Unit 1911 |
| 19:36 | Build | House |
| 19:39 | Build | Farm |
| 19:49 | Research | Wheelbarrow |
| 19:49 | Research | Wheelbarrow |
| 19:49 | Create | Villager (Male) |
| 19:53 | Build | Mining Camp |
| 19:59 | Build | Palisade Wall |
| 20:19 | Create | Unit 1911 |
| 20:33 | Create | Villager (Male) |
| 20:35 | Build | House |
| 20:35 | Create | Villager (Male) |
| 20:36 | Create | Villager (Male) |
| 20:36 | Create | Villager (Male) |
| 20:38 | Build | Farm |
| 20:40 | Create | Unit 1911 |
| 21:03 | Create | Unit 1911 |
| 21:09 | Build | Farm |
| 21:18 | Create | Villager (Male) |
| 21:18 | Create | Villager (Male) |
| 21:19 | Create | Villager (Male) |
| 21:25 | Build | Archery Range |
| 21:48 | Create | Villager (Male) |
| 21:48 | Create | Villager (Male) |
| 21:48 | Create | Villager (Male) |
| 22:05 | Build | Siege Workshop |
| 22:11 | Create | Villager (Male) |
| 22:21 | Build | Farm |
| 22:28 | Create | Villager (Male) |
| 22:29 | Create | Villager (Male) |
| 22:30 | Create | Villager (Male) |
| 22:39 | Build | House |
| 22:40 | Build | House |
| 22:46 | Create | Unit 1911 |
| 22:48 | Create | Villager (Male) |
Match timeline
| 2:34 | Zezlot · wall_segment Palisade Wall x1 |
| 2:34 | Zezlot · wall_segment Palisade Wall x1 |
| 2:36 | Zezlot · wall_segment Palisade Wall x1 |
| 2:37 | Zezlot · wall_segment Palisade Wall x1 |
| 2:38 | Zezlot · wall_segment Palisade Wall x1 |
| 3:20 | Zezlot · wall_segment Palisade Wall x1 |
| 3:21 | Zezlot · wall_segment Palisade Wall x1 |
| 3:22 | Zezlot · wall_segment Palisade Wall x1 |
| 3:22 | Zezlot · wall_segment Palisade Wall x1 |
| 4:24 | Zezlot · wall_segment Palisade Wall x1 |
| 4:25 | Zezlot · wall_segment Palisade Wall x1 |
| 6:10 | Barış Manço · first_building Barracks |
| 7:15 | Barış Manço · wall_segment Palisade Wall x1 |
| 7:28 | Zezlot · wall_segment Palisade Wall x6 |
| 7:48 | Zezlot · wall_segment Palisade Wall x7 |
| 7:53 | Barış Manço · wall_segment Palisade Wall x5 |
| 7:55 | Barış Manço · wall_segment Palisade Wall x3 |
| 8:37 | Zezlot · wall_segment Palisade Wall x8 |
| 8:46 | Zezlot · wall_segment Palisade Wall x5 |
| 9:40 | Barış Manço · wall_segment Palisade Wall x1 |
| 11:03 | Barış Manço · age_up feudal |
| 11:24 | Zezlot · first_building Barracks |
| 11:25 | Barış Manço · wall_segment Palisade Wall x1 |
| 11:42 | Zezlot · age_up feudal |
| 11:54 | Barış Manço · wall_segment Palisade Wall x1 |
| 11:55 | Barış Manço · wall_segment Palisade Wall x1 |
| 13:00 | Zezlot · first_market_buy 100 food |
| 13:01 | Zezlot · first_market_sell 100 wood |
| 13:16 | Barış Manço · first_building Archery Range |
| 14:34 | Zezlot · wall_segment Palisade Wall x1 |
| 14:37 | Barış Manço · age_up castle |
| 15:06 | Barış Manço · wall_segment Palisade Wall x1 |
| 15:41 | Zezlot · age_up castle |
| 16:30 | Barış Manço · first_building Monastery |
| 17:02 | Barış Manço · wall_segment Palisade Wall x1 |
| 17:44 | Barış Manço · wall_segment Palisade Wall x1 |
| 17:44 | Barış Manço · wall_segment Palisade Wall x1 |
| 17:44 | Barış Manço · wall_segment Palisade Wall x1 |
| 17:45 | Barış Manço · wall_segment Palisade Wall x1 |
| 18:18 | Zezlot · first_building Monastery |
| 18:22 | Zezlot · wall_segment Palisade Wall x1 |
| 19:59 | Barış Manço · wall_segment Palisade Wall x1 |
| 21:11 | Zezlot · first_building Siege Workshop |
| 22:05 | Barış Manço · first_building Siege Workshop |
| 24:06 | Barış Manço · first_building Stable |
| 28:07 | Zezlot · first_building Archery Range |
| 28:18 | Zezlot · first_building Stable |
| 30:30 | Barış Manço · first_market_sell 100 food |
| 30:32 | Barış Manço · first_market_buy 100 stone |
| 30:35 | Barış Manço · first_building Castle |
| 30:51 | Zezlot · first_building Castle |
| 32:32 | Zezlot · age_up imperial |
| 36:35 | Barış Manço · age_up imperial |
| 45:14 | Zezlot · resign |
[ AI ANALYSIS · 1 CREDIT ]
What really happened in this match?
Wolo.gg analyzes every decision: build order, eco, micro, common mistakes by bracket. Personalized analysis on WhatsApp or Discord in 30 seconds.
Civ guide
Burmese
Perfil
Jugador #14438285